 Dungeon Crawl Stone Soup version 0.29.1-1-gd02db6906a (webtiles) character file.

Game seed: 364063198485142073

200 GigaChad the Sneak (level 6, 0/33 HPs)
             Began as a Kobold Enchanter on Oct 4, 2022.
             Slain by a sky beast (3 damage)
             ... on level 4 of the Dungeon on Oct 5, 2022.
             The game lasted 00:14:41 (6023 turns).

GigaChad the Sneak (Kobold Enchanter)               Turns: 6023, Time: 00:14:42

Health: 0/33       AC:  2    Str:  7    XL:     6   Next: 6%
Magic:  11/11      EV: 15    Int: 17    God:
Gold:   187        SH:  0    Dex: 15    Spells: 6/12 levels left

rFire   . . .      SeeInvis .   m - +2 hand axe (drain)
rCold   . . .      Faith    .   (no shield)
rNeg    . . .      Spirit   .   b - +0 robe
rPois   +          Reflect  .   (no helmet)
rElec   .          Harm     .   (no cloak)
rCorr   .          Rampage  .   (no gloves)
Will    .....                   (no boots)
Stlth   ++++......              d - amulet of the acrobat
HPRegen 0.11/turn               v - ring of poison resistance
MPRegen 0.12/turn               (no ring)

@: no status effects
A: small, no large weapons, nightstalker 3
a: no special abilities


You were on level 4 of the Dungeon.
You visited 1 branch of the dungeon, and saw 4 of its levels.

You collected 187 gold pieces.

Inventory:

Hand Weapons
 a - a +1 dagger
 g - a +0 rapier of freezing
 m - a +2 hand axe of draining (weapon)
 w - a +0 war axe
Missiles
 f - 9 poisoned darts (quivered)
Armour
 b - a +0 robe (worn)
 k - a +0 buckler
Jewellery
 d - an amulet of the acrobat (around neck)
 v - a ring of poison resistance (left hand)
Wands
 r - a wand of paralysis (9)
Scrolls
 h - a scroll of identify {unknown}
 i - a scroll of immolation {unknown}
 p - 2 scrolls of amnesia {unknown}
 u - a scroll of teleportation {unknown}
Potions
 c - 2 potions of invisibility
 e - 2 potions of berserk rage {unknown}
 j - a potion of mutation {unknown}
 l - a potion of might {unknown}
 n - a potion of attraction {unknown}
 o - 2 potions of curing {unknown}
 q - a potion of brilliance {unknown}
 s - a potion of flight {unknown}
 t - a potion of haste {unknown}


   Skills:
 - Level 0.9 Fighting
 - Level 2.7 Short Blades
 - Level 0.4 Axes
 - Level 0.4 Throwing
 - Level 3.5 Dodging
 - Level 5.2 Stealth
 + Level 3.9 Spellcasting
 - Level 3.2 Hexes


You had 6 spell levels left.
You knew the following spells:

 Your Spells              Type           Power      Damage    Failure   Level
a - Dazzling Flash        Conj/Hex       16%        N/A       24%         3
b - Tukima's Dance        Hex            14%        N/A       12%         3

Your spell library contained the following spells:

 Spells                   Type           Power      Damage    Failure   Level
 Ensorcelled Hibernation  Hex/Ice        16%        N/A       12%         2
 Confusing Touch          Hex            14%        N/A       12%         3
 Sandblast                Erth           6%         2d5       16%         1
 Passwall                 Tmut/Erth      2%         N/A       24%         2
 Spider Form              Tmut/Pois      3%         N/A       43%         3
 Stone Arrow              Conj/Erth      6%         3d7       43%         3
 Anguish                  Hex/Necr       4%         N/A       63%         4


Dungeon Overview and Level Annotations

Branches:
Dungeon (4/15)
 Temple: D:4-7

Altars:
Qazlal

Shops:
D:2 ?   D:3 (


Innate Abilities, Weirdness & Mutations

You are small and have problems with some larger weapons.
You are completely attuned to the shadows.


Message History

Found 6 stones.
You see here 6 stones.
A giant cockroach comes into view.
You slash the giant cockroach!
You kill the giant cockroach!
You open the door.
Found a scroll labelled QIVUGESAEN.
There is an open door here.
A giant cockroach comes into view.
p - 2 scrolls labelled QIVUGESAEN (gained 1)
The helpless giant cockroach fails to defend itself.
You hit the giant cockroach. You drain the giant cockroach.
You kill the giant cockroach!
As you open the door, it creaks loudly!
You hear a shout!
An endoplasm and a sky beast come into view.
An ufetubus comes into view.
There is an open door here.
The endoplasm barely misses you.
There is an open door here.
The ufetubus completely misses you. The ufetubus misses you.
The sky beast flickers out of sight!
Deactivating autopickup; reactivate with Ctrl-A.
You hit the ufetubus.
The ufetubus is severely wounded.
The ufetubus misses you. x2; The ufetubus hits you.
The ufetubus closely misses you.
You hit the ufetubus.
You kill the ufetubus!
You hit the endoplasm. You drain the endoplasm. The endoplasm hits you.
You barely miss something. You hit the endoplasm.
You kill the endoplasm!
Something hits you. Something shocks you.
You hit something but do no damage. Something barely misses you.
Something hits you. Something shocks you.
You barely miss something. Something hits you.
* * * LOW HITPOINT WARNING * * *
Something shocks you.
* * * LOW HITPOINT WARNING * * *
You miss something. Something hits you.
You die...

.....# #...## #.
.....###.....## ####.
.....##.......## ##.##.
.....#.........####...#.
.....'{@.......'........
.....#.........####...#.
..##.##.......## ##.##.
# #.###.....## ####. #.#
##...## .. ##+##


There were no monsters in sight!

Vanquished Creatures
  A scorpion (D:4)
  4 adders
  An ufetubus (D:4)
  A worm (D:2)
  4 dart slugs
  6 orcs
  8 bats
  11 endoplasms
  3 giant cockroaches
  7 goblins
  4 hobgoblins
  6 jackals (D:1)
  3 quokkas
  6 ball pythons
  4 frilled lizards
  7 kobolds
  6 rats
82 creatures vanquished.

Vanquished Creatures (collateral kills)
  A goblin (D:4)
  A hobgoblin (D:4)
2 creatures vanquished.

Vanquished Creatures (others)
  2 plants (D:3)
2 creatures vanquished.

Grand Total: 86 creatures vanquished

Notes
Turn   | Place    | Note
-------+----------+-------------------------------------------
     0 | D:1      | GigaChad the Kobold Enchanter began the quest for the Orb.
     0 | D:1      | Reached XP level 1. HP: 10/10 MP: 3/3
   529 | D:1      | Reached XP level 2. HP: 15/15 MP: 5/5
  1401 | D:1      | Reached XP level 3. HP: 19/19 MP: 6/6
  1522 | D:1      | Learned a level 3 spell: Dazzling Flash
  1526 | D:1      | Learned a level 3 spell: Tukima's Dance
  2905 | D:2      | Reached XP level 4. HP: 13/24 MP: 7/7
  3394 | D:2      | Reached skill level 5 in Stealth
  3904 | D:2      | Found Nich's Magic Scroll Emporium.
  4564 | D:3      | Paralysed by an orc for 4 turns
  4663 | D:3      | Found Fofa's Antique Weapon Emporium.
  4723 | D:3      | Reached XP level 5. HP: 19/28 MP: 8/8
  5523 | D:4      | Found a stormy altar of Qazlal.
  5797 | D:4      | Reached XP level 6. HP: 20/33 MP: 9/11
  6013 | D:4      | Noticed a sky beast
  6023 | D:4      | Slain by a sky beast

Illustrated notes

Levels and vault maps discovered:
D:1:      psy_arrival_terrarium, layout_loops_cross, minmay_ruptured
D:2:      layout_loops_ring, serial_aquarium, aquarium_bridge_square
          [aquarium_subvault_wall, aquarium_subvault_wall,
          aquarium_subvault_bridge, aquarium_subvault_bridge],
          aquarium_window_2, aquarium_window_1, aquarium_view_2d,
          aquarium_view_2b, serial_shops, shop_statue
D:3:      corexii_shack_village, layout_basic, serial_shops, shop
D:4:      layout_loops_corners, old_standard_altar, minmay_temple_entry_waves,
          uniq_menkaure

Skill      XL: |  1  2  3  4  5 |
---------------+----------------+-----
Short Blades   | 2 |  2.7
Dodging        | 3 |  3.5
Stealth        | 5 |  5.2
Spellcasting   | 3 |  3.9
Fighting       | |  0.9
Axes           | |  0.4
Throwing       | |  0.4
Hexes          | |  3.2

Action                   |  1- 3 |  4- 6 || total
-------------------------+-------+-------++-------
Melee: Dagger            |    23 |       ||    23
       Rapier            |    88 |    23 ||   111
       Hand axe          |       |   102 ||   102
       Punch             |       |     2 ||     2
Throw: Dart              |     1 |    14 ||    15
 Cast: Tukima's Dance    |     2 |     2 ||     4
  Use: Scroll            |       |     3 ||     3
 Stab: Sleeping          |    13 |    10 ||    23
       Distracted        |     1 |       ||     1
Armor: Robe              |    28 |    19 ||    47
Dodge: Dodged            |    94 |   121 ||   215
